Match 47268660
Unlisted

Match 47268660
End
Vickers Machine Gun Team
Construct Section Command Post
Infantry Section
Infantry Section
Infantry Section
Construct Platoon Command Post
Construct Field Infirmary
Selects Air and Sea Battlegroup
Selects Supply Surplus
6-pounder Anti-tank Gun Team
Construct Field Infirmary
Forward Retreat Point
Unlock Bishop Self-propelled Artillery
Grenade Package
Selects Commando Section Paradrop
Selects M1 Pack Howitzer Paradrop
Infantry Training
Construct Company Command Post
Royal Engineer Section
Unlock M3 Grant Medium Tanks
Bishop Self-propelled Artillery
Unlock Towed 17-pounder Anti-tank Guns
Selects Incendiary Bombing Run
Selects UNKNOWN (223837)
M3 Grant Medium Tank
M3 Grant Medium Tank
Royal Engineer Section
17-pounder Anti-tank Gun Team
Incendiary Bombing Run
17-pounder Anti-tank Gun Team
>>>---[APACHON]--->
jfpp
ba hoodie
sirlobin
Cuban Pete
Yoshiii
JVM
callofnoob
0
0

Comments sign in to comment!

No comments posted yet!